 Dungeon Sprint DCSS version 0.31-a0-728-g01b46875f1 (webtiles) character file.

Game seed: 17651984189469064212

588 sircluck the Grappler (level 7, -7/80 HPs)
             Began as a Troll Berserker on Sept 11, 2023.
             Was a Priest of Trog.
             Mangled by a sixfirhy (10 damage)
             ... summoned by a kobold demonologist
             ... while paralysed by a floating eye
             ... in the Dungeon (Sprint I: "Red Sonja").
             The game lasted 00:00:48 (181 turns).

sircluck the Grappler (Troll Berserker)              Turns: 181, Time: 00:00:48

Health: -7/80      AC:  4    Str: 28    XL:     7   Next: 15%
Magic:  6/6        EV:  1    Int:  3    God:    Trog [***...]
Gold:   425        SH:  0    Dex:  9    Spells: 6/6 levels left

rFire   . .          .
                       - Unarmed
rCold   . . .        (no shield)
rNeg    . . .        a - +0 animal skin
rPois   .            (helmet restricted)
rElec   .            (no cloak)
rCorr   .            (gloves unavailable)
SInv    .            (boots unavailable)
Will    .....        (no amulet)
Stlth   +            (no ring)
HPRegen 1.13/turn    (no ring)
MPRegen 0.10/turn

%: no teleportation
@: paralysed
A: large, unfitting armour, claws 3, regeneration 1, shaggy fur 1, tough skin 1
a: Renounce Religion, Berserk, Trog's Hand


You were in the Dungeon.
You worshipped Trog.
Trog was most pleased with you.
You visited 1 branch You collected 425 gold pieces.

Inventory:

Missiles
 i - 5 large rocks
Armour
 a - a +0 animal skin (worn)
Wands
 h - a wand of light (7)
Scrolls
 g - a scroll of blinking
Potions
 b - a potion of curing
 c - a potion of heal wounds
 d - a potion of haste
 e - 2 potions of magic
 f - a potion of berserk rage


   Skills:
 + Level 8.0 Fighting
 + Level 7.9 Dodging
 + Level 9.5 Unarmed Combat


You had 6 spell levels left.
You didn't know any spells.
Your spell library was empty.

Dungeon Overview and Level Annotations

Branches:
Dungeon (1/1)

Altars:
Cheibriados
Dithmenos
Elyvilon
Fedhas
Gozag
Hepliaklqana
Kikubaaqudgha
Makhleb
Nemelex Xobeh
Okawaru
Qazlal
Ru
Sif Muna
Trog
Uskayaw
Vehumet
Wu Jian
Xom
Yredelemnul
Zin
The Shining One
Jiyva
Lugonu

Shops:
D *


Innate Abilities, Weirdness & Mutations

You are too large for most types of armour.
You have claws for hands.
Your natural rate of healing is unusually fast.
You are covered in fur. (AC +1)
You have tough skin. (AC +1)


Message History

You kill the slime creature!
Trog accepts your kill.
Your Fighting skill increases to level 8!
Your Unarmed Combat skill increases to level 9!
You have reached level 7!
Unknown command.
You open the door.
Found 108 gold pieces.
There is an open door here.
You now have 344 gold pieces (gained 27).
You now have 371 gold pieces (gained 27).
You now have 398 gold pieces (gained 27).
You now have 425 gold pieces (gained 27).
You start resting.
HP restored.
You open the door.
A kobold demonologist and a floating eye come into view.
A kobold demonologist comes into view. It is wielding a +0 dagger.
The kobold demonologist shouts! x2
The floating eye's stare focuses on you.
The kobold demonologist mumbles some strange words.
There is an open door here.
You claw the floating eye!
The floating eye is heavily wounded.
The kobold demonologist gestures wildly while chanting.
The kobold demonologist mumbles some strange words.
You scratch the floating eye.
The floating eye is severely wounded.
The floating eye gazes piercingly through you!
You suddenly lose the ability to move!
The sixfirhy hits you. The sixfirhy shocks you! The sixfirhy hits you!
The sixfirhy shocks you! The sixfirhy hits you! The sixfirhy shocks you!
The sixfirhy hits you.
* * * LOW HITPOINT WARNING * * *
The sixfirhy shocks you!
* * * LOW HITPOINT WARNING * * *
The sixfirhy hits you!
* * * LOW HITPOINT WARNING * * *
The sixfirhy shocks you!
You die...

#####################
.)..#..'..#__#..@GK4#
.#..').#..'..'..#33.#
###'#####'#__####K..+
##..#...#:#### ####
_####..##.#
____##'#_.+
.∩...†..._#
..__##_.#'#
____###+#.#


You could see a rust devil (summoned), 2 kobold demonologists, a sixfirhy
(summoned), a ynoxinul (summoned) and a floating eye.

Vanquished Creatures
  A slime creature (D)
  Sigmund (D)
  A yak (D)
  An ogre (D)
  A jelly (D)
  Ijyb (D)
6 creatures vanquished.

Notes
Turn   | Place    | Note
-------+----------+-------------------------------------------
     0 | D        | sircluck the Troll Berserker began the quest for the Orb.
     0 | D        | Reached XP level 1. HP: 22/22 MP: 0/0
     1 | D        | Noticed Ijyb
     7 | D        | HP: 1/22 [Ijyb/+0 dagger (4)]
     9 | D        | Killed Ijyb
    10 | D        | Reached skill level 4 in Unarmed Combat
    10 | D        | Reached XP level 2. HP: 3/31 MP: 1/1
    37 | D        | Noticed an ogre
    42 | D        | Killed an ogre
    43 | D        | Reached skill level 5 in Fighting
    43 | D        | Reached skill level 5 in Dodging
    43 | D        | Reached skill level 6 in Unarmed Combat
    43 | D        | Reached XP level 3. HP: 42/42 MP: 2/2
    43 | D        | Reached XP level 4. HP: 50/50 MP: 3/3
    54 | D        | Noticed Sigmund
    58 | D        | Killed Sigmund
    58 | D        | Reached ** piety under Trog
    59 | D        | Reached skill level 7 in Unarmed Combat
    59 | D        | Reached XP level 5. HP: 61/61 MP: 4/4
    72 | D        | Found an ornate altar of the Wu Jian Council.
    72 | D        | Found a shimmering blue altar of Sif Muna.
    74 | D        | Found a radiant altar of Vehumet.
    78 | D        | Reached XP level 6. HP: 68/68 MP: 5/5
   104 | D        | Found Zarecoph's Assorted Antiques.
   104 | D        | Found an ancient bone altar of Kikubaaqudgha.
   104 | D        | Found a hazy altar of Hepliaklqana.
   104 | D        | Found a hide-covered altar of Uskayaw.
   104 | D        | Found a basalt altar of Yredelemnul.
   104 | D        | Found an opulent altar of Gozag.
   104 | D        | Found a snail-covered altar of Cheibriados.
   104 | D        | Found a sacrificial altar of Ru.
   104 | D        | Found a shadowy altar of Dithmenos.
   104 | D        | Noticed a yak
   109 | D        | Killed a yak
   110 | D        | Reached skill level 8 in Unarmed Combat
   110 | D        | Found a stormy altar of Qazlal.
   110 | D        | Found a blossoming altar of Fedhas.
   110 | D        | Found a bloodstained altar of Trog.
   110 | D        | Found an iron altar of Okawaru.
   110 | D        | Found a glowing golden altar of the Shining One.
   110 | D        | Found a glowing silver altar of Zin.
   110 | D        | Found a white marble altar of Elyvilon.
   111 | D        | Found a sparkling altar of Nemelex Xobeh.
   148 | D        | Found a burning altar of Makhleb.
   148 | D        | Found a viscous altar of Jiyva.
   148 | D        | Found a shimmering altar of Xom.
   148 | D        | Found a corrupted altar of Lugonu.
   148 | D        | Noticed a slime creature
   155 | D        | Killed a slime creature
   155 | D        | Reached *** piety under Trog
   156 | D        | Reached skill level 9 in Unarmed Combat
   156 | D        | Reached XP level 7. HP: 57/80 MP: 6/6
   176 | D        | Noticed a kobold demonologist
   177 | D        | Noticed a kobold demonologist
   178 | D        | Noticed a sixfirhy
   179 | D        | Noticed a ynoxinul
   179 | D        | Noticed a rust devil
   179 | D        | Paralysed by a floating eye for 3 turns
   181 | D        | HP: 3/80 [sixfirhy[a kobold demonologist] (9)]
   181 | D        | Mangled by a sixfirhy

Illustrated notes

Levels and vault maps discovered:
D:        dungeon_sprint_1 [red_sonja_temple_1, red_sonja_temple_small_1]

Skill      XL: |  1  2  3  4  5  6 |
---------------+-------------------+-----
Fighting       | 3 5 6 8 |  8.0
Dodging        | 3 5 6 7 |  7.9
Unarmed Combat | 4 6 7 9 |  9.5

Action                     |  1- 3 |  4- 6 |  7- 9 || total
---------------------------+-------+-------+-------++-------
  Melee: Unarmed           |     9 |    16 |     2 ||    27
         Punch             |       |     1 |       ||     1
  Evoke: Wand              |     1 |       |       ||     1
 Armour: Animal skin       |     5 |    10 |     5 ||    20
  Dodge: Dodged            |     3 |     3 |       ||     6

Table legend: (Time is in decaauts)
 A = Elapsed time spent in this place.
 B = Non-inter-level travel time spent in this place.
 C = Inter-level travel time spent in this place.
 D = Time resting spent in this place.
 E = Time spent auto-exploring this place.
 F = Levels seen in this place.
 G = Mean time per level.
                   A        B        C        D        E       F      G
               +--------+--------+--------+--------+--------+-----+--------+
         Total |    178 |    167 |     11 |     32 |     57 |   1 |  178.0 |
       Dungeon |    178 |    167 |     11 |     32 |     57 |   1 |  178.0 |
               +--------+--------+--------+--------+--------+-----+--------+

Top non-repeatable levels by time:
       D: 178 daAuts
